 Dungeon Crawl Stone Soup version 0.19.0-18-g426998a (webtiles) character file.

676 lorenzova the Skirmisher (level 7, 0/96 HPs)
             Began as a Minotaur Berserker on Nov 12, 2016.
             Was a Priest of Trog.
             Slain by an ogre
             ... wielding a +0 giant spiked club
              (16 damage)
             ... on level 5 of the Dungeon.
             The game lasted 00:06:40 (4328 turns).

lorenzova the Skirmisher (Minotaur Berserker)       Turns: 4328, Time: 00:06:41

Health: 0/96       AC: 11    Str: 27    XL:     7   Next: 33%
Magic:  6/6        EV: 12    Int:  4    God:    Trog [***...]
Gold:   248        SH:  3    Dex: 11    Spells: 0 memorised, 6 levels left

rFire  x . .     SeeInvis .     B - +2 war axe (chop)
rCold  + . .     Gourm    .     s - +4 ring mail
rNeg   . . .     Faith    .     k - +0 buckler
rPois  .         Spirit   .     (helmet restricted)
rElec  .         Reflect  .     (no cloak)
rCorr  .         Harm     .     (no gloves)
MR     +....                    n - +0 pair of boots
Stlth  ..........               (no amulet)
                                u - ring of protection from magic
                                e - ring of ice

@: berserking, starving, very quick
A: retaliatory headbutt, horns 2
a: Berserk, Trog's Hand, Burn Spellbooks, Renounce Religion


You were on level 5 of the Dungeon.
You worshipped Trog.
Trog was most pleased with you.
You were starving.

You visited 1 branch of the dungeon, and saw 5 of its levels.

You collected 248 gold pieces.

Inventory:

Hand Weapons
 a - a +0 hand axe
 B - a +2 war axe of chopping (weapon)
Armour
 b - a +0 animal skin
 k - a +0 buckler (worn)
 n - a +0 pair of boots (worn)
 s - a +4 ring mail (worn)
Jewellery
 e - a ring of ice (left hand)
 p - a +4 ring of intelligence
 u - a ring of protection from magic (right hand)
 y - a +4 ring of intelligence
Wands
 o - a wand of flame (23/48)
 z - a wand of slowing (31/48)
 F - a wand of flame (25/48)
Scrolls
 f - a scroll of remove curse {unknown}
 h - 4 scrolls of teleportation {unknown}
 i - 2 scrolls of fog {unknown}
 j - a scroll of enchant weapon {unknown}
 l - 2 scrolls of identify {unknown}
 q - 2 scrolls of noise {unknown}
 v - a scroll of amnesia {unknown}
 x - a scroll of immolation {unknown}
 A - a scroll of recharging {unknown}
 C - a scroll of blinking {unknown}
Potions
 d - a potion of haste {unknown}
 g - 2 potions of curing {unknown}
 r - 2 potions of lignification {unknown}
 t - a potion of heal wounds {unknown}
 w - a potion of might {unknown}
 D - 2 potions of brilliance {unknown}
Comestibles
 c - 5 bread rations
 m - 5 fruits
 E - a meat ration


   Skills:
 * Level 6.9 Fighting
 - Level 3.6 Axes
 * Level 6.7 Armour
 + Level 4.4 Dodging


You had 6 spell levels left.
You didn't know any spells.

Dungeon Overview and Level Annotations

Branches:
Dungeon (5/15)             Temple (0/1) D:5

Altars:
Gozag
Kikubaaqudgha
Nemelex Xobeh
Ru
Uskayaw


Innate Abilities, Weirdness & Mutations

You reflexively headbutt those who attack you in melee.
You have a pair of horns on your head.


Message History

The ogre hits you with a giant spiked club!
You hit the ogre but do no damage.
The ogre is lightly wounded.
The ogre closely misses you.
You barely miss the ogre.
The ogre is lightly wounded.
The ogre hits you with a giant spiked club!!
You hit the ogre.
The ogre is moderately wounded.
The howler monkey hoots and howls with incredible vigour!
The ogre barely misses you. You furiously retaliate!
You headbutt the ogre! You hit the ogre.
The ogre is severely wounded.
The ogre hits you with a giant spiked club!
* * * LOW HITPOINT WARNING * * *
A red film seems to cover your vision as you go berserk!
You feel yourself moving faster!
You feel mighty!
You are starving!
The ogre hits you with a giant spiked club!
You die...

######...####
..
...........#
...#
...........
#....#
..........
#.. .........
### #........
### #h# ....
##O# ....
##@## ####
##..# #...#
..# ###.##
.....####
##.# #..#
...#. #.##
..# .<.. ##.#
##.# #(.
#.###..# ##..
##..#..#
###...


You could see an ogre and a howler monkey.

Vanquished Creatures
  A phantom (D:4)
  A centaur (D:5)
  A scorpion (D:4)
  A bullfrog zombie (D:5)
  A hound (D:4)
  An orc priest (D:5)
  A bullfrog skeleton (D:5)
  4 orc wizards
  A gnoll (D:4)
  9 adders
  A shadow imp (D:5)
  5 oozes
  3 worms
  3 leopard geckos
  11 orcs
  7 giant cockroaches
  4 goblins
  14 hobgoblins
  6 jackals
  5 quokkas
  3 ball pythons (D:2)
  6 bats
  4 frilled lizards
  5 kobolds
  12 rats
110 creatures vanquished.

Notes
Turn   | Place    | Note
-------+----------+-------------------------------------------
     0 | D:1      | lorenzova the Minotaur Berserker began the quest for the Orb.
     0 | D:1      | Reached XP level 1. HP: 19/19 MP: 0/0
     1 | D:1      | Found a runed door.
   230 | D:1      | Reached XP level 2. HP: 27/27 MP: 1/1
  1136 | D:1      | Reached XP level 3. HP: 19/33 MP: 2/2
  1139 | D:1      | Reached ** piety under Trog
  1385 | D:2      | Found a sacrificial altar of Ru.
  1580 | D:2      | Reached XP level 4. HP: 33/41 MP: 3/3
  1619 | D:2      | Found a hide-covered altar of Uskayaw.
  2339 | D:3      | Reached skill level 5 in Fighting
  2511 | D:3      | Reached XP level 5. HP: 48/48 MP: 4/4
  2560 | D:3      | Reached *** piety under Trog
  3003 | D:4      | Noticed a phantom
  3018 | D:4      | Killed a phantom
  3018 | D:4      | Reached skill level 5 in Armour
  3018 | D:4      | Reached XP level 6. HP: 43/57 MP: 5/5
  3174 | D:4      | Found an ancient bone altar of Kikubaaqudgha.
  3177 | D:4      | Found a sparkling altar of Nemelex Xobeh.
  3182 | D:4      | Found an opulent altar of Gozag.
  3810 | D:5      | Entered Level 5 of the Dungeon
  3810 | D:5      | Found a staircase to the Ecumenical Temple.
  3869 | D:5      | Reached XP level 7. HP: 58/64 MP: 6/6
  4328 | D:5      | Slain by an ogre

Skill      XL: |  1  2  3  4  5  6 |
---------------+-------------------+-----
Armour         | 3 4 5 6 |  6.7
Fighting       | 4 5 6 |  6.9
Dodging        | 3 4 |  4.4
Axes           | |  3.6

Action                   |  1- 3 |  4- 6 |  7- 9 || total
-------------------------+-------+-------+-------++-------
Melee: Hand axe          |    89 |   145 |    34 ||   268
       Headbutt          |    10 |    24 |     7 ||    41
       War axe           |       |       |     9 ||     9
Invok: Berserk           |     1 |       |     1 ||     2
  Eat: Chunk             |     3 |     6 |       ||     9
       Beef jerky        |       |     1 |       ||     1
Armor: Animal skin       |    14 |     9 |       ||    23
       Ring mail         |       |    38 |    23 ||    61
Dodge: Dodged            |    50 |    90 |    17 ||   157
Block: Buckler           |    12 |    14 |     2 ||    28
